[Event "Titled Tuesday Blitz February 14 Early 2023"]
[White "Pasti, Aron"]
[Black "Orujov, Elshad"]
[WhiteFideId "785857"]
[BlackFideId "13403540"]
[WhiteElo "2361"]
[BlackElo "2304"]
[Result "1-0"]
[Round "04"]
[TimeControl "180+2"]
[Date "2023.02.15"]
[WhiteClock "0:00:11"]
[BlackClock "0:00:02"]

1. e4 c5 2. Nf3 d6 3. d4 cxd4 4. Nxd4 Nf6 5. Nc3 a6 6. h3 e5 7. Nde2 h5 8. g3 Be6 9. Bg2 Be7 10. O-O O-O 11. Be3 Nbd7 12. a4 Rc8 13. Nd5 Nc5 14. Nec3 Bxd5 15. exd5 h4 16. g4 a5 17. f4 exf4 18. Bxf4 Nfd7 19. Ne4 Nxe4 20. Bxe4 Ne5 21. c3 Bg5 22. Bxe5 dxe5 23. d6 Qb6+ 24. Kh1 Qxb2 25. Rb1 Qxc3 26. Rf3 Qc4 27. Bd5 Qc5 28. Rxb7 Bf4 29. d7 Rcd8 30. Be4 g6 31. Qc2 Qd6 32. Rd3 Qa6 33. Rd1 Kg7 34. Qd3 Qe6 35. Qc3 f5 36. gxf5 gxf5 37. Bd5 Qa6 38. Qf3 Kh7 39. Bc6 Rf6 40. Qh5+ Bh6 41. Bg2 Rd6 42. Qxf5+ Kg7 43. Qxe5+ Rf6 44. Rc7 Qb6 45. Rc6 Qf2 46. Qe7+ Kg6 47. Be4+ Kg5 48. Rg1+ Kh5 49. Qxf6 Qe3 50. Bf3+ 1-0


[Site "https://www.chess.com"]

[Event "Titled Tuesday Blitz February 14 Early 2023"]
[White "Rosh Jain"]
[Black "Yeritsyan, Hayk"]
[WhiteFideId "25789465"]
[BlackFideId "13307320"]
[WhiteElo "2248"]
[BlackElo "2241"]
[Result "0-1"]
[Round "04"]
[TimeControl "180+2"]
[Date "2023.02.15"]
[WhiteClock "0:00:01"]
[BlackClock "0:00:21"]

1. e4 d6 2. d4 g6 3. f4 Bg7 4. Nf3 Nf6 5. Bd3 O-O 6. O-O c5 7. c3 cxd4 8. cxd4 Nc6 9. Nc3 e5 10. d5 Nb4 11. fxe5 dxe5 12. Be3 Ng4 13. Bc5 Qc7 14. Bxf8 Bxf8 15. h3 Ne3 16. Qe2 Nxf1 17. Qxf1 a6 18. a3 Nxd3 19. Qxd3 Bd6 20. Rf1 Bd7 21. Ng5 Be8 22. Qg3 Qe7 23. Qh4 h5 24. Qg3 Rc8 25. Kh1 b5 26. Nf3 Kg7 27. Nh4 Kh7 28. Nf3 a5 29. Ng5+ Kg7 30. Nxb5 Bxb5 31. Rxf7+ Qxf7 32. Nxf7 Kxf7 33. Qb3 Bd7 34. Qb7 Ke7 35. Kh2 a4 36. Kg3 Rb8 37. Qa6 Rxb2 38. Qa8 Rb3+ 39. Kh4 Rxa3 40. Qg8 Be8 41. Qg7+ Bf7 42. g4 hxg4 43. hxg4 Rf3 44. Kg5 a3 45. Qh8 Be8 46. Qh7+ Bf7 47. Qh8 a2 48. Qa8 Ra3 49. Qb7+ Kd8 50. Qb6+ Bc7 0-1


[Site "https://www.chess.com"]

[Event "Titled Tuesday Blitz February 14 Early 2023"]
[White "Valle Maytin, Luis Enrique"]
[Black "EdmundPlayer"]
[WhiteFideId "3503666"]
[WhiteElo "2241"]
[BlackElo "2246"]
[Result "1-0"]
[Round "04"]
[TimeControl "180+2"]
[Date "2023.02.15"]
[WhiteClock "0:00:10"]
[BlackClock "0:00:01"]

1. e4 e6 2. d4 d5 3. exd5 exd5 4. Nf3 Bd6 5. Bd3 Nc6 6. Qe2+ Nge7 7. O-O Bg4 8. c3 Qd7 9. h3 Bf5 10. Bb5 f6 11. c4 dxc4 12. d5 Bd3 13. Qe3 O-O 14. dxc6 bxc6 15. Ba4 Nd5 16. Qd4 Nb6 17. Nc3 Bxf1 18. Kxf1 Nxa4 19. Nxa4 Rfe8 20. Qxc4+ Kh8 21. Be3 Rab8 22. b3 Rb4 23. Qd3 Qf7 24. Rd1 a5 25. Bd2 Rbe4 26. Nc3 R4e7 27. Be3 Bb4 28. Ne2 Re6 29. Nf4 Rd6 30. Qc2 Red8 31. Rxd6 Rxd6 32. Nd3 Qd7 33. Ke2 c5 34. Qc4 Rd5 35. a4 Qc6 36. Nd2 Qd7 37. Ne4 f5 38. Nexc5 Bxc5 39. Nxc5 Qd8 40. Nd3 Rd6 41. g3 Rd7 42. Nf4 Re7 43. Kf3 Qd7 44. Kg2 Qd6 45. Qd5 Qb6 46. Qf3 1-0


[Site "https://www.chess.com"]

[Event "Titled Tuesday Blitz February 14 Early 2023"]
[White "Papp, Petra"]
[Black "Mendez Machado, Andre"]
[WhiteFideId "739049"]
[BlackFideId "6603793"]
[WhiteElo "2343"]
[BlackElo "1974"]
[Result "0-1"]
[Round "04"]
[TimeControl "180+2"]
[Date "2023.02.15"]
[WhiteClock "0:00:25"]
[BlackClock "0:00:08"]

1. e4 e5 2. Nf3 Nc6 3. d4 exd4 4. Nxd4 Bc5 5. Nb3 Bb6 6. Nc3 Nf6 7. Qe2 O-O 8. Bg5 h6 9. Bh4 a5 10. a4 Nb4 11. O-O-O Qe7 12. f3 d6 13. g4 Be6 14. Bf2 Bxb3 15. cxb3 Nd7 16. Bxb6 cxb6 17. Kb1 Nc5 18. Qc4 Rac8 19. Nd5 Qe5 20. Nxb4 axb4 21. Qxb4 Qf4 22. Be2 Qe3 23. Rhe1 Nxb3 24. Bc4 Rxc4 25. Qxc4 Nd2+ 26. Rxd2 Qxd2 27. Re2 Qd1+ 28. Ka2 Ra8 29. b3 Kh7 30. e5 Ra5 31. Qe4+ g6 32. e6 Re5 33. exf7 Rxe4 34. Rxe4 Kg7 35. Re7 Kf8 36. Rxb7 Qxf3 37. Rd7 Qxg4 38. Rxd6 Kxf7 39. Rxb6 Qg2+ 40. Ka3 Qxh2 41. a5 Qe5 42. b4 Qc3+ 43. Ka4 Qc2+ 44. Kb5 h5 45. a6 Qd3+ 46. Ka5 Qa3+ 47. Kb5 h4 48. Rb7+ Kf6 49. a7 h3 50. Rh7 g5 51. Kc6 Qa4+ 52. b5 g4 53. Kc5 Qa3+ 54. Kc6 Qa4 55. Kc5 h2 56. b6 Qa5+ 57. Kc6 Qa4+ 58. Kb7 Qe4+ 59. Ka6 Qxh7 60. b7 h1=Q 61. a8=Q Qa1+ 62. Kb6 Qhb1+ 63. Kc7 Qc3+ 64. Kd8 Qbd3+ 65. Ke8 Qe5+ 66. Kf8 Qdd6+ 67. Kg8 Qg5+ 68. Kh8 Qg7# 0-1


[Site "https://www.chess.com"]

[Event "Titled Tuesday Blitz February 14 Early 2023"]
[White "Mesa Cruz, Juan Carlos"]
[Black "Hrabinska, Myroslava"]
[WhiteFideId "6423400"]
[BlackFideId "14109190"]
[WhiteElo "2122"]
[BlackElo "2210"]
[Result "1-0"]
[Round "04"]
[TimeControl "180+2"]
[Date "2023.02.15"]
[WhiteClock "0:01:09"]
[BlackClock "0:00:04"]

1. e4 c5 2. Nf3 a6 3. c3 d5 4. exd5 Qxd5 5. Na3 e6 6. Nc4 Qd8 7. a4 Nf6 8. a5 Nc6 9. Be2 Be7 10. O-O O-O 11. Re1 Nd5 12. Bd3 Bf6 13. Bf1 Re8 14. d3 e5 15. Nfd2 Bf5 16. Nb3 e4 17. Nxc5 exd3 18. Rxe8+ Qxe8 19. Nd6 Qe5 20. Nxf5 Qxf5 21. Bxd3 Qc8 22. Qh5 1-0


[Site "https://www.chess.com"]

[Event "Titled Tuesday Blitz February 14 Early 2023"]
[White "Dylag, Emilia"]
[Black "Boder, Jan"]
[WhiteFideId "21805172"]
[BlackFideId "16243226"]
[WhiteElo "2095"]
[BlackElo "2294"]
[Result "0-1"]
[Round "04"]
[TimeControl "180+2"]
[Date "2023.02.15"]
[WhiteClock "0:00:01"]
[BlackClock "0:00:15"]

1. d4 Nf6 2. c4 c5 3. d5 b5 4. cxb5 a6 5. bxa6 g6 6. Nc3 Bg7 7. e4 O-O 8. a7 Rxa7 9. g3 Qa5 10. Bg2 d6 11. Ne2 Ba6 12. O-O Nbd7 13. f4 Rb8 14. Qc2 Qb6 15. Kh1 Ne8 16. a4 Qb3 17. Qd2 Qc4 18. Ra3 Rb3 19. Rxb3 Qxb3 20. Re1 Nb6 21. Ng1 Nxa4 22. Nxa4 Qxa4 23. e5 Bc4 24. Nh3 h6 25. Nf2 Qa5 26. Qd1 Qb4 27. Ne4 Ra1 28. exd6 Nxd6 29. Nxd6 exd6 30. Bf3 Bxb2 31. Qd2 Rxc1 0-1


[Site "https://www.chess.com"]

[Event "Titled Tuesday Blitz February 14 Early 2023"]
[White "lisjakzlatko1"]
[Black "Silva Lucena, Cristian"]
[BlackFideId "2232588"]
[WhiteElo "2220"]
[BlackElo "2285"]
[Result "0-1"]
[Round "04"]
[TimeControl "180+2"]
[Date "2023.02.15"]
[WhiteClock "0:00:01"]
[BlackClock "0:01:03"]

1. e4 c5 2. b4 cxb4 3. Bb2 Nc6 4. d4 d5 5. exd5 Qxd5 6. c4 bxc3 7. Nxc3 Qa5 8. Bc4 e6 9. Nf3 Bb4 10. Rc1 Nge7 11. O-O O-O 12. Qb3 Bd6 13. Ne4 Bf4 14. Rcd1 Qh5 15. Ba3 Re8 16. Nd6 Bxd6 17. Bxd6 Nf5 18. d5 Na5 19. Qb5 Nxd6 20. Qa4 Naxc4 21. Rd4 b5 22. Qd1 exd5 23. Rxd5 Qg6 0-1


[Site "https://www.chess.com"]

[Event "Titled Tuesday Blitz February 14 Early 2023"]
[White "Pourkashiyan, Atousa"]
[Black "mestrefeitosa19"]
[WhiteFideId "12502014"]
[WhiteElo "2282"]
[BlackElo "2211"]
[Result "1-0"]
[Round "04"]
[TimeControl "180+2"]
[Date "2023.02.15"]
[WhiteClock "0:01:34"]
[BlackClock "0:01:31"]

1. e4 e5 2. Nf3 Nc6 3. Bb5 Nd4 4. Nxd4 exd4 5. O-O c6 6. Bc4 Nf6 7. d3 d5 8. exd5 Nxd5 9. Re1+ Be6 10. Nd2 Bc5 11. Ne4 Bb6 12. Ng5 O-O 13. Qh5 h6 14. Nxe6 fxe6 15. Rxe6 Rf6 16. Rxf6 Qxf6 17. Bxd5+ cxd5 18. Qxd5+ Kh8 19. Bd2 Rf8 20. Rf1 Bc7 21. Qxb7 Qd6 22. g3 Rb8 23. Qxa7 Rxb2 24. Bf4 1-0


[Site "https://www.chess.com"]

[Event "Titled Tuesday Blitz February 14 Early 2023"]
[White "Nugumanov, Bakhtiyar"]
[Black "I_KID_you_not"]
[WhiteFideId "13701797"]
[WhiteElo "2316"]
[BlackElo "2323"]
[Result "1/2-1/2"]
[Round "04"]
[TimeControl "180+2"]
[Date "2023.02.15"]
[WhiteClock "0:00:06"]
[BlackClock "0:00:07"]

1. Nf3 f5 2. g3 d6 3. d4 Nf6 4. c4 g6 5. Bg2 Bg7 6. O-O O-O 7. Nc3 Qe8 8. b3 c6 9. Bb2 Na6 10. d5 Nc5 11. Nd4 Bd7 12. Rc1 Nce4 13. Nxe4 Nxe4 14. Ba1 c5 15. Ne6 Bxe6 16. dxe6 Bxa1 17. Rxa1 Qc8 18. Bxe4 fxe4 19. Qd5 Qc6 20. Rad1 Rf5 21. Qd2 Raf8 22. Qe3 Re5 23. a3 Rxe6 24. Rd5 b5 25. f3 bxc4 26. bxc4 Qa4 27. Rc1 Rff6 28. fxe4 Qa5 29. e5 dxe5 30. Rxe5 Qb6 31. Rd1 Kf7 32. Rf1 Rxf1+ 33. Kxf1 Rxe5 34. Qxe5 Qf6+ 35. Qxf6+ Kxf6 36. Kf2 Ke5 37. Ke3 e6 38. Kd3 h6 39. h3 g5 40. Ke3 Kf5 41. Kf3 g4+ 42. hxg4+ Kg5 43. Ke4 Kxg4 44. Ke5 Kxg3 45. Kxe6 h5 46. e4 h4 47. e5 h3 48. Kd7 h2 49. e6 h1=Q 50. e7 Qb7+ 51. Kd8 Qb6+ 52. Kd7 Qb7+ 53. Kd8 Qb8+ 54. Kd7 Qb7+ 1/2-1/2


[Site "https://www.chess.com"]

[Event "Titled Tuesday Blitz February 14 Early 2023"]
[White "Dzhaparov, Medet"]
[Black "Fernandez Siles, Luis"]
[WhiteFideId "13803689"]
[BlackFideId "2209420"]
[WhiteElo "1578"]
[BlackElo "2218"]
[Result "1-0"]
[Round "04"]
[TimeControl "180+2"]
[Date "2023.02.15"]
[WhiteClock "0:00:12"]
[BlackClock "0:00:01"]

1. e4 c5 2. Nf3 Nc6 3. d4 cxd4 4. Nxd4 Nf6 5. Nc3 e5 6. Ndb5 d6 7. Bg5 a6 8. Na3 b5 9. Nd5 Be7 10. Nxe7 Nxe7 11. Bd3 Bb7 12. f3 Ng6 13. c3 h6 14. Be3 O-O 15. O-O d5 16. exd5 Nxd5 17. Bf2 Ndf4 18. Bxg6 Nxg6 19. Qxd8 Rfxd8 20. Rad1 f5 21. Bb6 Rd5 22. Rxd5 Bxd5 23. b3 Rb8 24. Ba5 Kf7 25. Nc2 Bb7 26. Rd1 Ke6 27. Bb4 Nf4 28. Rd6+ Kf7 29. Rd7+ Kf6 30. Bd6 Ke6 31. Bxb8 Kxd7 32. Bxe5 Ne2+ 33. Kf2 Nc1 34. Bxg7 Nxa2 35. Ke2 Nc1+ 36. Kd1 Nxb3 37. Bxh6 Nc5 38. Nd4 Na4 39. Kc2 Bd5 40. Nxf5 Bc4 41. Ne3 Be6 42. g4 Nc5 43. Bf4 a5 44. h4 a4 45. Be5 a3 46. h5 a2 47. c4 bxc4 48. h6 Bg8 49. g5 Nd3 50. Bc3 Bh7 51. Ng4 1-0


[Site "https://www.chess.com"]

[Event "Titled Tuesday Blitz February 14 Early 2023"]
[White "Ruiz Aguilar, Pablo Alexander"]
[Black "Korpics, Zsolt"]
[WhiteFideId "4401352"]
[BlackFideId "705241"]
[WhiteElo "2161"]
[BlackElo "2300"]
[Result "0-1"]
[Round "04"]
[TimeControl "180+2"]
[Date "2023.02.15"]
[WhiteClock "0:00:03"]
[BlackClock "0:00:18"]

1. e4 c5 2. Nf3 e6 3. d4 cxd4 4. Nxd4 Nc6 5. Nc3 Qc7 6. Ndb5 Qb8 7. Be3 Nf6 8. Bd3 Be7 9. O-O a6 10. Nd4 O-O 11. h3 d6 12. f4 Nxd4 13. Bxd4 e5 14. Be3 exf4 15. Bxf4 Be6 16. Qf3 Nd7 17. Nd5 Bxd5 18. exd5 Ne5 19. Qg3 Kh8 20. Be2 Qc7 21. c4 Nxc4 22. Rac1 Qb6+ 23. Rf2 Ne5 24. h4 Rac8 25. Rxc8 Rxc8 26. h5 Bf6 27. h6 Rg8 28. Bg5 Bxg5 29. Qxg5 Qc7 30. Kh2 Ng6 31. hxg7+ Kxg7 32. Qf6+ Kf8 33. Bh5 Qe7 34. Qxe7+ Kxe7 35. Rc2 Kd8 36. Rf2 Ne5 37. Be2 Ke7 38. Bf3 Rc8 39. Be2 Rc1 40. Kg3 Rc2 41. Bh5 Rxf2 42. Kxf2 Nd3+ 43. Ke3 Nxb2 44. Kd4 Na4 45. Be2 Nc5 46. Bc4 Nd7 47. Be2 Ne5 48. Bd1 Kf6 49. Be2 Kg5 50. Bd1 Kf4 51. Be2 Kg3 52. Ke4 Kxg2 53. Kf5 Kf2 54. Bd1 Ke1 55. Bb3 Kd2 56. Kf6 h5 57. Ke7 h4 58. Kxd6 h3 59. Kxe5 h2 60. d6 h1=Q 61. Bd5 Qh8+ 62. Kf5 Qd8 63. Ke5 f6+ 64. Ke6 Kc3 65. d7 Kd4 66. Bxb7 Kc5 67. Bc8 Kb4 68. Kf5 Ka3 69. Ke6 Kxa2 70. Kf5 Kb3 71. Ke6 a5 72. Kd6 a4 73. Kc6 a3 74. Ba6 a2 75. Bb7 a1=Q 76. Kd6 Qd4+ 77. Ke6 Qe5+ 78. Kf7 f5 79. Bc8 Qef6# 0-1


[Site "https://www.chess.com"]

[Event "Titled Tuesday Blitz February 14 Early 2023"]
[White "Skaric, Djuro"]
[Black "ritanovikova"]
[WhiteFideId "934569"]
[WhiteElo "2334"]
[BlackElo "2179"]
[Result "1-0"]
[Round "04"]
[TimeControl "180+2"]
[Date "2023.02.15"]
[WhiteClock "0:02:11"]
[BlackClock "0:01:05"]

1. g3 Nf6 2. Bg2 d6 3. d3 g6 4. e4 Bg7 5. Nc3 O-O 6. f4 c5 7. Nf3 Nc6 8. O-O a6 9. h3 h5 10. Ng5 Rb8 11. a4 b5 12. axb5 axb5 13. e5 Nxe5 14. fxe5 dxe5 15. Nce4 Ne8 16. Be3 f6 17. Nf3 c4 18. Nh4 Kh7 19. g4 cxd3 20. cxd3 hxg4 21. hxg4 Nd6 22. g5 Nf5 23. Nxf5 Bxf5 24. Rxf5 gxf5 25. Qh5+ Kg8 26. g6 Re8 27. Nc5 Qd6 28. Qh7+ Kf8 29. Ra6 Qc7 30. Ne6# 1-0


[Site "https://www.chess.com"]

[Event "Titled Tuesday Blitz February 14 Early 2023"]
[White "Hertlein, Irena"]
[Black "Vifleemskaia, Svetlana"]
[WhiteFideId "21817618"]
[BlackFideId "4129490"]
[WhiteElo "1994"]
[BlackElo "1971"]
[Result "0-1"]
[Round "04"]
[TimeControl "180+2"]
[Date "2023.02.15"]
[WhiteClock "0:02:24"]
[BlackClock "0:02:28"]

1. Nf3 Nf6 2. c4 e6 3. b3 d5 4. Bb2 dxc4 5. bxc4 c5 6. g3 Nc6 7. Bg2 Be7 8. O-O O-O 9. e3 Qd3 10. Qb3 Rd8 11. Nc3 Na5 12. Qa4 Nxc4 13. Rfd1 Nxb2 14. Bf1 Nxa4 15. Bxd3 Rxd3 16. Nxa4 b6 17. Ne5 Rd8 18. Nc6 Re8 19. Nxe7+ Rxe7 20. d4 cxd4 21. Rxd4 Bb7 22. Rad1 Bc6 23. Nc3 Rd7 0-1


[Site "https://www.chess.com"]

[Event "Titled Tuesday Blitz February 14 Early 2023"]
[White "Sabar, Ethmane Daouda"]
[Black "Levitan, Caleb Levi"]
[WhiteFideId "19600097"]
[BlackFideId "14332620"]
[WhiteElo "2040"]
[BlackElo "2129"]
[Result "1-0"]
[Round "04"]
[TimeControl "180+2"]
[Date "2023.02.15"]
[WhiteClock "0:00:20"]
[BlackClock "0:00:02"]

1. e4 c5 2. a3 e6 3. b4 cxb4 4. axb4 Bxb4 5. Bb2 Nf6 6. e5 Nd5 7. c4 Nb6 8. Ra3 Bxa3 9. Bxa3 Nc6 10. d4 Ne7 11. Nc3 O-O 12. Ne4 Nf5 13. Bxf8 Qxf8 14. c5 Nd5 15. g4 Nfe7 16. Nd6 b6 17. Bg2 Ba6 18. Ne2 Bxe2 19. Qxe2 Nf4 20. Qf3 Nxg2+ 21. Qxg2 bxc5 22. dxc5 Nd5 23. O-O Qd8 24. Qf3 f6 25. Ra1 Qe7 26. Rd1 Rf8 27. Qg3 fxe5 28. Qxe5 Qf6 29. Qxf6 Rxf6 30. Ra1 Rf4 31. h3 Rf8 32. Rxa7 Rd8 33. Kg2 Nf4+ 34. Kg3 Nd3 35. Rc7 Kf8 36. Nb7 Rb8 37. Rxd7 Ne5 38. Rc7 Nf7 39. f4 Nd8 40. Nd6 1-0


[Site "https://www.chess.com"]

[Event "Titled Tuesday Blitz February 14 Early 2023"]
[White "Kowalysko, Roman"]
[Black "rikchessmx"]
[WhiteFideId "30918510"]
[WhiteElo "1888"]
[BlackElo "2312"]
[Result "0-1"]
[Round "04"]
[TimeControl "180+2"]
[Date "2023.02.15"]
[WhiteClock "0:02:42"]
[BlackClock "0:02:16"]

1. c4 e6 2. g3 d5 3. cxd5 exd5 4. Bg2 Nf6 5. d3 Bc5 6. Nf3 O-O 7. O-O c6 8. Nc3 Re8 9. Bg5 h6 10. Bxf6 Qxf6 11. Qd2 Bg4 12. a3 Nd7 13. Rac1 Re7 14. b4 Bb6 15. Na4 Rae8 16. Nxb6 axb6 17. e3 Bxf3 18. Bxf3 Qxf3 19. d4 h5 20. Qd1 Qxd1 21. Rfxd1 b5 22. Rd2 Nb6 23. Rdc2 Ra8 24. Rc3 Nc4 25. Ra1 Ra6 26. Kg2 b6 27. f3 Rxe3 28. Rxe3 Nxe3+ 29. Kh3 Nc4 30. Kh4 g6 31. g4 hxg4 32. Kxg4 Rxa3 33. h4 Rxa1 34. h5 gxh5+ 35. Kxh5 Rg1 36. f4 Kg7 37. f5 Kf6 38. Kh6 Rh1# 0-1


[Site "https://www.chess.com"]

[Event "Titled Tuesday Blitz February 14 Early 2023"]
[White "Jenkins, Drake"]
[Black "Aung Thant Zin"]
[WhiteFideId "2022397"]
[BlackFideId "13000063"]
[WhiteElo "2130"]
[BlackElo "2268"]
[Result "0-1"]
[Round "04"]
[TimeControl "180+2"]
[Date "2023.02.15"]
[WhiteClock "0:00:05"]
[BlackClock "0:00:22"]

1. Nf3 d5 2. c4 e6 3. g3 Nf6 4. Bg2 Be7 5. O-O O-O 6. d3 c5 7. cxd5 exd5 8. d4 c4 9. b3 cxb3 10. Qxb3 Nc6 11. Bf4 b6 12. Nbd2 Ba6 13. Rfe1 Na5 14. Qa4 Rc8 15. Ne5 Qe8 16. Qd1 Nc4 17. Ndxc4 Bxc4 18. Nxc4 Rxc4 19. Be5 Qd7 20. a4 Rfc8 21. a5 b5 22. a6 Ne4 23. f3 Nc3 24. Qd3 b4 25. e4 f6 26. Bf4 Rxd4 27. Qf1 dxe4 28. fxe4 Bc5 29. Kh1 b3 30. e5 fxe5 31. Bxe5 Rf8 32. Qg1 Rc4 33. Re3 Nd5 34. Bxd5+ Qxd5+ 35. Qg2 Qxg2+ 36. Kxg2 Bxe3 0-1


[Site "https://www.chess.com"]

[Event "Titled Tuesday Blitz February 14 Early 2023"]
[White "Larina, Maria"]
[Black "Cepo, Toni"]
[WhiteFideId "24113182"]
[BlackFideId "4675916"]
[WhiteElo "1948"]
[BlackElo "2145"]
[Result "0-1"]
[Round "04"]
[TimeControl "180+2"]
[Date "2023.02.15"]
[WhiteClock "0:00:07"]
[BlackClock "0:00:56"]

1. e4 e5 2. Nf3 Nf6 3. Nc3 Bb4 4. Nd5 Nxd5 5. exd5 d6 6. c3 Ba5 7. d4 exd4 8. Qxd4 O-O 9. Be3 Bb6 10. Qd2 Bxe3 11. fxe3 Bf5 12. Bd3 Bxd3 13. Qxd3 Nd7 14. O-O Ne5 15. Nxe5 dxe5 16. e4 Qd6 17. Kh1 Rad8 18. Rad1 c6 19. c4 g6 20. b3 f5 21. exf5 cxd5 22. fxg6 Rxf1+ 23. Rxf1 Qxg6 24. Qe2 e4 25. cxd5 Rxd5 26. Qc4 Qe6 27. Re1 Re5 28. Qd4 e3 29. Qd8+ Kg7 30. Qh4 e2 31. Qg3+ Kf8 32. Qf2+ Kg8 33. h3 Re3 34. Qh4 Qf7 35. Qd8+ Re8 36. Qg5+ Kh8 37. Qg3 Qf6 38. Qd3 a6 39. Kh2 Qf4+ 40. g3 Qf2+ 41. Kh1 Qxe1+ 0-1


[Site "https://www.chess.com"]

[Event "Titled Tuesday Blitz February 14 Early 2023"]
[White "Levine, David"]
[Black "Rose, Felix"]
[WhiteFideId "2011611"]
[BlackFideId "5105722"]
[WhiteElo "2040"]
[BlackElo "2091"]
[Result "0-1"]
[Round "04"]
[TimeControl "180+2"]
[Date "2023.02.15"]
[WhiteClock "0:00:03"]
[BlackClock "0:00:09"]

1. d4 d5 2. c4 e6 3. g3 Nf6 4. Bg2 dxc4 5. Nf3 a6 6. O-O Nc6 7. e3 Rb8 8. Qe2 Bd7 9. Qxc4 Bd6 10. Nc3 O-O 11. e4 e5 12. d5 Na5 13. Qd3 Qe7 14. a3 Nb3 15. Rb1 Nxc1 16. Rbxc1 c5 17. dxc6 Bxc6 18. Rfd1 Rbd8 19. Qe2 h6 20. Nh4 g6 21. Nf3 Qe6 22. h4 Kg7 23. Nd2 Bb8 24. Nc4 Ba7 25. Ne3 Rd4 26. Ned5 Ng4 27. Bh3 Rxd1+ 28. Rxd1 Bxf2+ 29. Qxf2 Nxf2 30. Bxe6 Nxd1 31. Nxd1 fxe6 32. N5c3 Rd8 33. Kf1 Rd2 34. Ke1 Rh2 35. Kf1 b5 36. Kg1 Rc2 37. Kf1 a5 38. Ne3 Rc1+ 39. Ke2 b4 40. axb4 axb4 41. Ncd1 Bxe4 42. Ng4 Rc2+ 43. Ke3 Bf5 44. Nxe5 Kf6 45. Nd3 Bg4 46. N1f2 h5 47. Nxb4 Rxb2 48. Nbd3 Rb3 49. Kd4 Bf5 50. Kc4 Rb8 51. Nf4 Rc8+ 52. Kd4 e5+ 53. Ke3 exf4+ 54. gxf4 Rc3+ 55. Kd4 Rf3 56. Nd1 Rd3+ 57. Kc4 Rxd1 0-1


[Site "https://www.chess.com"]

[Event "Titled Tuesday Blitz February 14 Early 2023"]
[White "Colijn, Stefan"]
[Black "Meera, Sai"]
[WhiteFideId "1016199"]
[BlackFideId "5004357"]
[WhiteElo "2293"]
[BlackElo "2064"]
[Result "0-1"]
[Round "04"]
[TimeControl "180+2"]
[Date "2023.02.15"]
[WhiteClock "0:00:05"]
[BlackClock "0:00:04"]

1. d4 Nf6 2. Nc3 d5 3. Bf4 g6 4. e3 Bg7 5. Nf3 O-O 6. Be2 c5 7. O-O Nc6 8. dxc5 Qa5 9. Nxd5 Nxd5 10. Qxd5 Be6 11. Qg5 Bxb2 12. Rab1 Bf6 13. Qh6 Bg7 14. Qh4 Qxc5 15. c4 Bxc4 16. Rfc1 b5 17. a4 a6 18. axb5 axb5 19. Nd2 Na5 20. Nxc4 Nxc4 21. Qg5 Qxg5 22. Bxg5 Na3 23. Rb3 Rfe8 24. Bxb5 Nxb5 25. Rxb5 h6 26. Bf4 Rac8 27. Rcb1 Rc2 28. h4 Rd8 29. Rb7 Rdd2 30. Bg3 Bf6 31. Rb8+ Kg7 32. Ra8 h5 33. Rbb8 Rd1+ 34. Kh2 Rc4 35. Bf4 Bxh4 36. Rg8+ Kf6 37. g3 Bg5 38. Ra6+ e6 39. Bb8 Rc2 40. Kg2 Rdd2 41. Kf3 Rxf2+ 42. Ke4 Rce2 43. Bf4 Bxf4 44. gxf4 Rh2 45. Ra7 Rh3 46. Ra3 h4 47. Rh8 Kg7 48. Re8 Rg3 49. Rc8 h3 50. Ke5 h2 51. e4 h1=Q 52. f5 Qxe4+ 53. Kd6 Rd2+ 54. Ke7 exf5# 0-1


[Site "https://www.chess.com"]

[Event "Titled Tuesday Blitz February 14 Early 2023"]
[White "Kornyukov, Alexey"]
[Black "Osuna Vega, Enrique"]
[WhiteFideId "4150457"]
[BlackFideId "2219549"]
[WhiteElo "2452"]
[BlackElo "2061"]
[Result "1/2-1/2"]
[Round "04"]
[TimeControl "180+2"]
[Date "2023.02.15"]
[WhiteClock "0:00:33"]
[BlackClock "0:00:34"]

1. e4 d6 2. d4 Nf6 3. Nc3 e5 4. f3 c6 5. Be3 b5 6. Qd2 Qa5 7. O-O-O b4 8. Nce2 Qxa2 9. Qxb4 d5 10. Qb3 Qxb3 11. cxb3 exd4 12. Bxd4 dxe4 13. Bxf6 gxf6 14. fxe4 Bh6+ 15. Kb1 O-O 16. Nf3 Be6 17. Ned4 Bg4 18. h3 Bc8 19. g4 Bf4 20. Nf5 Re8 21. Bd3 Be6 22. N3d4 Nd7 23. Nxc6 Bxb3 24. Nce7+ Rxe7 25. Nxe7+ Kf8 26. Rdf1 Kxe7 27. Rxf4 Ne5 28. Bc2 Be6 29. Rhf1 Nd7 30. b3 Rb8 31. Ka2 a5 32. h4 a4 33. R1f3 Nc5 34. Kb2 axb3 35. Bb1 Na4+ 36. Ka3 Nc5 37. Kb2 Na4+ 38. Ka3 Nc5 39. Kb2 1/2-1/2


[Site "https://www.chess.com"]

[Event "Titled Tuesday Blitz February 14 Early 2023"]
[White "Gedgafov, Chamal"]
[Black "Hernandez Bonilla, Amelia"]
[WhiteFideId "34130621"]
[BlackFideId "3900193"]
[WhiteElo "2118"]
[BlackElo "1960"]
[Result "1-0"]
[Round "04"]
[TimeControl "180+2"]
[Date "2023.02.15"]
[WhiteClock "0:00:02"]
[BlackClock "0:00:03"]

1. d4 Nf6 2. c4 e6 3. Nf3 d5 4. Nc3 dxc4 5. e4 a6 6. a4 Bb4 7. e5 Nd5 8. Bd2 Bxc3 9. bxc3 O-O 10. Bxc4 Nd7 11. O-O c5 12. Qe2 cxd4 13. cxd4 b6 14. Bd3 Re8 15. Bxh7+ Kxh7 16. Ng5+ Kg6 17. Qe4+ f5 18. exf6+ Kxf6 19. Qf3+ Ke7 20. Qf7+ Kd6 21. Bf4+ Nxf4 22. Qxf4+ Kc6 23. Rac1+ Kb7 24. Qe4+ Ka7 25. Nxe6 Rxe6 26. Qxe6 Bb7 27. Rb1 Nf6 28. Rfd1 Bd5 29. Qe3 Qd7 30. f3 Re8 31. Qc3 Bb7 32. a5 b5 33. Qc5+ Ka8 34. Rbc1 Nd5 35. Qc2 Qe7 36. h3 Qb4 37. Qf5 Qxa5 38. Qg6 Re2 39. Qxg7 Qa2 40. Qg8+ Ka7 41. Re1 Nf4 42. Qxa2 Rxa2 43. Re7 Kb6 44. Rg7 Ne2+ 45. Kh2 Nxc1 46. h4 1-0


[Site "https://www.chess.com"]

[Event "Titled Tuesday Blitz February 14 Early 2023"]
[White "Necula, Iulian"]
[Black "Cueto, Jonny"]
[WhiteFideId "1232380"]
[BlackFideId "3300145"]
[WhiteElo "1851"]
[BlackElo "2122"]
[Result "0-1"]
[Round "04"]
[TimeControl "180+2"]
[Date "2023.02.15"]
[WhiteClock "0:00:12"]
[BlackClock "0:00:41"]

1. d4 e6 2. Nc3 Nf6 3. Bf4 b6 4. e4 d5 5. e5 Nfd7 6. Qd2 c5 7. Nf3 Nc6 8. Bb5 Qc7 9. O-O Bb7 10. a4 cxd4 11. Nxd4 Nxd4 12. Qxd4 Bc5 13. Qd3 O-O 14. Bxd7 Qxd7 15. Nb5 Ba6 16. c4 Bxb5 17. axb5 Rfd8 18. Rad1 Qc7 19. cxd5 Rxd5 20. Qf3 Rad8 21. Rxd5 Rxd5 22. Rc1 Qd7 23. h3 Qxb5 24. Ra1 a5 25. b3 Rd3 26. Qa8+ Bf8 27. Rc1 Qb4 28. Rc8 Rd1+ 29. Kh2 Qxf4+ 30. g3 Qxf2+ 31. Qg2 Rd2 32. Qxf2 Rxf2+ 33. Kg1 Rb2 34. b4 Rxb4 0-1


[Site "https://www.chess.com"]

[Event "Titled Tuesday Blitz February 14 Early 2023"]
[White "Nakamura, Hikaru"]
[Black "Yeletsky, Ivan"]
[WhiteFideId "2016192"]
[BlackFideId "24180327"]
[WhiteElo "2775"]
[BlackElo "2494"]
[Result "1-0"]
[Round "05"]
[TimeControl "180+2"]
[Date "2023.02.15"]
[WhiteClock "0:00:17"]
[BlackClock "0:00:02"]

1. Nf3 c5 2. e4 d6 3. c3 Nf6 4. h3 Nc6 5. Bd3 g5 6. Bc2 g4 7. hxg4 Bxg4 8. d3 Qc7 9. Be3 O-O-O 10. Nbd2 h5 11. Qe2 e6 12. O-O-O d5 13. Kb1 Rg8 14. exd5 exd5 15. Nb3 d4 16. cxd4 cxd4 17. Bd2 Bd6 18. Rc1 Kb8 19. Qf1 Bxf3 20. gxf3 Bf4 21. Rh4 Bxd2 22. Nxd2 Qa5 23. Rd1 Nb4 24. Bb3 Qg5 25. Rh3 Qf5 26. Ne4 Nfd5 27. Ng3 Qxf3 28. Nxh5 Qf5 29. a3 Nc6 30. Ng3 Qe5 31. Re1 Qc7 32. Nh5 Nf4 33. Nxf4 Qxf4 34. Qe2 a6 35. Rf3 Qd6 36. Rxf7 Rg5 37. Qe6 Qc5 38. Ba4 Rd6 39. Qe8+ Ka7 40. Rc1 Qb6 41. Bxc6 Qb3 42. Rxb7+ 1-0


[Site "https://www.chess.com"]